 Dungeon Crawl Stone Soup version 0.27-a0-684-g359e429f13 (webtiles) character file.

Game seed: 16387402542334692571

133 Dreamer the Changer (level 5, -4/33 HPs)
             Began as an Octopode Transmuter on Mar 20, 2021.
             Killed from afar by Robin (13 damage)
             ... with a puff of flame
             ... on level 2 of the Dungeon.
             The game lasted 00:09:11 (2643 turns).

Dreamer the Changer (Octopode Transmuter)           Turns: 2643, Time: 00:09:12

Health: -4/33      AC:  1    Str:  9    XL:     5   Next: 16%
Magic:  8/8        EV: 13    Int: 17    God:
Gold:   56         SH:  0    Dex: 12    Spells: 1/8 levels left

rFire    . . .     SeeInvis .   b - +0 trident (flame)
rCold    . . .     Faith    .   (no shield)
rNeg     . . .     Spirit   .   (helmet restricted)
rPois    .         Reflect  .   (no amulet)
rElec    .         Harm     .   a - ring of resist corrosion
rCorr    +         Rampage  .   (no ring)
Will     .....                  (no ring)
Stlth    ++........             (no ring)
HPRegen  0.11/turn              (no ring)
MPRegen  0.11/turn              (no ring)
                                (no ring)
                                (no ring)

@: no status effects
A: almost no armour, amphibious, 8 rings, camouflage 1, gelatinous body 1,
nimble swimmer 1, tentacles
a: no special abilities


You were on level 2 of the Dungeon.
You visited 1 branch of the dungeon, and saw 2 of its levels.

You collected 56 gold pieces.

Inventory:

Hand Weapons
 b - a +0 trident of flaming (weapon)
Jewellery
 a - a ring of resist corrosion (left tentacle)
Scrolls
 c - 2 scrolls of identify {unknown}
Potions
 d - a potion of flight {unknown}
 e - a potion of lignification {unknown}
 f - a potion of haste {unknown}


   Skills:
 - Level 1.0 Fighting
 - Level 2.0 Dodging
 - Level 3.0 Unarmed Combat
 - Level 2.0 Spellcasting
 + Level 4.0 Transmutations
 - Level 3.0 Ice Magic


You had one spell level left.
You knew the following spells:

 Your Spells              Type           Power      Damage    Failure   Level
a - Beastly Appendage     Tmut           30%        N/A       3%          1
b - Ice Form              Ice/Tmut       13%        N/A       41%         4
c - Wereblood             Tmut           15%        N/A       5%          2

Your spell library contained the following spells:

 Spells                   Type           Power      Damage    Failure   Level
 Spider Form              Tmut/Pois      4%         N/A       26%         3
 Blade Hands              Tmut           7%         N/A       71%         5


Dungeon Overview and Level Annotations

Branches:
Dungeon (2/15)

Altars:

Annotations:
D:2 1 runed translucent door, Crazy Yiuf, Robin


Innate Abilities, Weirdness & Mutations

You cannot wear most types of armour.
You are amphibious.
You can wear up to eight rings at the same time.
Your skin changes colour to match your surroundings (Stealth+).
Your rubbery body absorbs attacks. (AC +1, EV +1)
You are stealthy while swimming. (Stealth+)
You have tentacles for arms and can constrict up to eight enemies at once.


Message History

You hear a shout!
You see here a worm corpse.
You see here a jackal corpse.
Reach: b) +0 trident (flame)
Press: ? - help, Dir - move target, f - goblin
Aim: a goblin (strong, about 55% to evade your +0 trident of flaming)
You reach to attack!
You hit the goblin. You burn the goblin.
You kill the goblin!
Robin zaps a wand.
The puff of flame misses you.
Robin says, "We wiped out the hill dwarves - you're next!"
Reach: b) +0 trident (flame)
Press: ? - help, Dir - move target, f - hobgoblin
Aim: a hobgoblin, wielding a +0 club (strong, about 46% to evade your +0 trident of flaming)
You reach to attack!
You barely miss the hobgoblin. You hit the hobgoblin. You burn the hobgoblin.
You grab the hobgoblin.
The hobgoblin is almost dead.
You constrict the hobgoblin, but do no damage.
The hobgoblin hits you with a +0 club!
You hit the hobgoblin. You burn the hobgoblin.
You kill the hobgoblin!
A hobgoblin comes into view.
Robin roars a battlecry!
The hobgoblins go into a battle-frenzy!
Reach: b) +0 trident (flame)
Press: ? - help, Dir - move target, f - Robin
Aim: Robin, wielding a +0 dagger, wearing a +0 animal skin, wearing a +0 helmet and carrying a wand of flame (16) (about 38% to evade your +0 trident of flaming)
You reach to attack!
You hit Robin. You burn Robin.
Robin is heavily wounded.
You barely miss Robin. You grab Robin.
Robin is heavily wounded.
You constrict Robin, but do no damage.
Robin zaps a wand.
The puff of flame hits you!
You hit Robin but do no damage.
Robin is heavily wounded.
You constrict Robin. Robin hits you with a +0 dagger. x2
* * * LOW HITPOINT WARNING * * *
You hit Robin but do no damage.
Robin is severely wounded.
You constrict Robin.
Robin zaps a wand.
The puff of flame hits you!
You die...

#........# ##
#........# ...
#..(.....#
....##........# ###
....''........+ ..####
#(.......# #....
#....(...# #..#
###........###..##.##
...........ggg@....>.+
###############.#.#.##
#.# #.# #.# #.# .# #.#
#.# #####'###.# #
#.......#.#..


You could see Robin and 2 hobgoblins.

Vanquished Creatures
  4 gnolls (D:2)
  3 adders (D:2)
  An ooze (D:1)
  2 worms (D:2)
  3 dart slugs
  A ball python (D:2)
  2 giant cockroaches (D:1)
  7 hobgoblins
  2 jackals (D:2)
  3 kobolds (D:1)
  11 bats
  2 frilled lizards (D:1)
  7 goblins
  5 rats (D:1)
53 creatures vanquished.

Notes
Turn   | Place    | Note
-------+----------+-------------------------------------------
     0 | D:1      | Dreamer the Octopode Transmuter began the quest for the
                  | Orb.
     0 | D:1      | Reached XP level 1. HP: 13/13 MP: 3/3
   126 | D:1      | Reached skill level 1 in Ice Magic
   126 | D:1      | Reached XP level 2. HP: 16/18 MP: 5/5
   279 | D:1      | Reached XP level 3. HP: 20/23 MP: 6/6
   501 | D:1      | Reached skill level 3 in Transmutations
  1498 | D:2      | Found a runed translucent door.
  1499 | D:2      | Noticed Crazy Yiuf
  1669 | D:2      | Reached XP level 4. HP: 18/28 MP: 7/7
  1772 | D:2      | Learned a level 4 spell: Ice Form
  1775 | D:2      | Learned a level 2 spell: Wereblood
  2114 | D:2      | Noticed Robin
  2420 | D:2      | Reached XP level 5. HP: 33/33 MP: 8/8
  2614 | D:2      | Reached skill level 4 in Transmutations
  2643 | D:2      | Killed from afar by Robin

Illustrated notes

Levels and vault maps discovered:
D:1:      heliophobic_arrival_glass_houses, layout_loops_ring,
          grunt_decor_junction, st_stairs_6, chequers_serial_rivers_micro_b
D:2:      layout_basic, uniq_crazy_yiuf_cottage, uniq_robin

Skill      XL: |  1  2  3  4  5 |
---------------+----------------+-----
Ice Magic      | 1 2 3 |  3.0
Transmutations | 3 4 |  4.0
Fighting       | |  1.0
Dodging        | |  2.0
Unarmed Combat | |  3.0
Spellcasting   | |  2.0

Action                   |  1- 3 |  4- 6 || total
-------------------------+-------+-------++-------
Melee: Unarmed           |    16 |       ||    16
       Constrict         |    17 |    11 ||    28
       Tentacles         |     8 |     7 ||    15
       Trident           |    61 |    44 ||   105
       Punch             |     1 |       ||     1
 Stab: Sleeping          |     3 |       ||     3
Armor: Skin              |    18 |     1 ||    19
Dodge: Dodged            |    53 |    22 ||    75

Table legend: (Time is in decaauts)
 A = Elapsed time spent in this place.
 B = Non-inter-level travel time spent in this place.
 C = Inter-level travel time spent in this place.
 D = Time resting spent in this place.
 E = Time spent auto-exploring this place.
 F = Levels seen in this place.
 G = Mean time per level.
                   A        B        C        D        E       F      G
               +--------+--------+--------+--------+--------+-----+--------+
         Total |   2676 |   2653 |     23 |    944 |   1026 |   2 | 1338.0 |
       Dungeon |   2676 |   2653 |     23 |    944 |   1026 |   2 | 1338.0 |
               +--------+--------+--------+--------+--------+-----+--------+

Top non-repeatable levels by time:
     D:1: 1339 daAuts
     D:2: 1337 daAuts
